 Dungeon Crawl Stone Soup version 0.32-a0-791-gfc315c9ecd (webtiles) character file.

Game seed: 8682229515493347478

44970 ezpacito the Fighter (level 14, -7/110 HPs)
             Began as a Coglin Chaos Knight on Mar 20, 2024.
             Was a Plaything of Xom.
             Killed from afar by a hell hog (17 damage)
             ... with a fireball
             ... on level 3 of the Abyss.
             The game lasted 00:30:18 (18559 turns).

ezpacito the Fighter (Coglin Chaos Knight)         Turns: 18559, Time: 00:30:18

Health: -7/110     AC: 33    Str: 25    XL:     14   Next: 31%
Magic:  0/21       EV: 11    Int: 10    God:    Xom [..*...]
Gold:   217        SH:  0    Dex: 12    Spells: 11/23 levels left

rFire   . . .        a - +2 hand axe (chaos) {Kazuki}
rCold   + + .        G - +2 trident (drain) {Mirko}
rNeg    . . .        N - +18 Lear's hauberk
rPois   .            (helmet currently unavailable)
rElec   +            J - +1 cloak {rCorr}
rCorr   +            (gloves currently unavailable)
SInv    .            (boots currently unavailable)
Will    +....        (amulet unavailable) Stlth
                     (ring unavailable)
HPRegen 0.38/turn    (ring unavailable)
MPRegen 0.17/turn    B
                       - N-40 turbobooster {Rampage Acrobat rC+ Slay+3}

%: acrobat, rampage
@: silenced, revved
A: off-hand wielding, slow wielding, warmup strikes, no jewellery, horns 1,
iridescent scales 1, cold resistance 1, mutation resistance 2, sense
surroundings 1, electricity resistance, strong 2
a: Renounce Religion


You were on level 3 of the Abyss.
You worshipped Xom.
You were a toy of Xom.
You visited 3 branches of the dungeon, and saw 16 of its levels.
You visited the Abyss 1 time.
You also visited: Ossuary and Volcano.

You collected 1475 gold pieces.
You spent 1258 gold pieces at shops.

Inventory:

Hand Weapons
 a - a +2 hand axe of chaos (weapon) {Kazuki}
 d - a +4 scimitar of flaming
 j - a +3 hand axe
 v - a +2 flail of holy wrath
 G - a +2 trident of draining (offhand) {Mirko}
 H - a +1 vampiric war axe
 I - a +1 scimitar of flaming
 M - a +0 broad axe
 S - a +3 long sword of holy wrath
 T - a +4 scimitar of flaming
Missiles
 b - 36 poisoned darts (quivered)
 m - 9 javelins
 p - 8 boomerangs
 y - a throwing net
 z - 2 curare-tipped darts
Armour
 c - a +2 helmet
 f - the +3 Mad Mage's Maulers {Infuse+∞ VampMP -Cast}
   (You acquired it on level 7 of the Dungeon)

   Infuse+∞: It empowers its wearer's blows with all of their magic.
   VampMP:    Blows struck in melee replenish the wearer's magic.
   -Cast:     It prevents spellcasting.
 q - a +1 plate armour
 r - a +1 pair of boots of stealth
 A - the +1 pair of gloves of Love and Death {Will+ Str+2}
   (You bought it in a shop on level 9 of the Dungeon)

   Str+2:     It affects your strength (+2).
   Will+:     It increases your willpower.
 J - a +1 cloak of preservation (worn)
 N - the +18 Lear's hauberk (worn)
   (You found it on level 12 of the Dungeon)
 O - +0 acid dragon scales
Magical Staves
 R - a staff of air
Gizmo
 B - a N-40 turbobooster (installed) {Rampage Acrobat rC+ Slay+3}
   (You invented it yourself in a volcano)

   [N-40 turbobooster]

   Slay+3:    It affects your accuracy & damage with ranged weapons and melee
   (+3).
   rC+:       It protects you from cold.
   Rampage:   It bestows one free step when moving towards enemies.
   Acrobat:   It increases your evasion after moving or waiting.
Wands
 h - a wand of mindburst (1)
 n - a wand of polymorph (17)
 s - a wand of flame (24)
 C - a wand of paralysis (11)
 D - a wand of digging (11)
Scrolls
 i - 2 scrolls of identify
 k - 3 scrolls of immolation
 t - 3 scrolls of teleportation
 x - 5 scrolls of vulnerability
 F - 2 scrolls of noise
Potions
 e - 5 potions of attraction
 g - 3 potions of enlightenment
 o - 2 potions of cancellation
 u - a potion of brilliance
 w - 2 potions of mutation
 E - a potion of lignification
 P - a potion of magic
Miscellaneous
 Q - a lightning rod (1/4)


   Skills:
 * Level 10.1 Fighting
 * Level 10.0(11.0) Axes
 + Level 6.3(8.7) Polearms
 * Level 9.0 Armour
 * Level 8.7 Dodging
 + Level 6.2 Stealth
 + Level 3.1 Unarmed Combat
 + Level 5.1 Spellcasting
 + Level 6.1 Necromancy
 + Level 6.6 Alchemy
 + Level 7.3 Evocations


You had 11 spell levels left.
You knew the following spells:

 Your Spells              Type           Power      Damage    Failure   Level
a - Cigotuvi's Dreadful   Necr/Alch/Air  22%        N/A       26%         2
b - Ignite Poison         Fire/Alch      9%         N/A       94%         4
c - Plasma Beam           Fire/Air       1%         2x1d11    100%        6

Your spell library contained the following spells:

 Spells                   Type           Power      Damage    Failure   Level
 Animate Dead             Necr           14%        N/A       58%         4
 Foxfire                  Conj/Fire      8%         2x1d4     67%         1
 Freeze                   Ice            8%         1d3       67%         1
 Dazzling Flash           Conj/Hex       4%         N/A       96%         3
 Frozen Ramparts          Ice            4%         1d1       96%         3
 Hailstorm                Conj/Ice       2%         3d5       96%         3
 Volatile Blastmotes      Fire/Tloc      4%         2d10      96%         3
 Summon Blazeheart Golem  Fire/Summ      2%         N/A       100%        4
 Borgnjor's Vile Clutch   Necr/Erth      4%         N/A       100%        5
 Freezing Cloud           Conj/Ice/Air   1%         6-21      100%        5
 Death Channel            Necr           7%         N/A       100%        6
 Starburst                Conj/Fire      1%         6d3       100%        6
 Maxwell's Capacitive Co  Air            1%         ∞         100%        8


Dungeon Overview and Level Annotations

Branches:
Dungeon (14/15)            Temple (1/1) D:6            Lair (1/5) D:10
    Orc (0/2) D:10         Vaults (0/5) D:13        Ossuary (visited)
Volcano (visited)

Altars:
Ashenzari
Cheibriados
Dithmenos
Elyvilon
Fedhas
Gozag
Hepliaklqana
Kikubaaqudgha
Makhleb
Nemelex Xobeh
Okawaru
Qazlal
Ru
Sif Muna
Trog
Uskayaw
Vehumet
Wu Jian
Xom
Yredelemnul
Zin
The Shining One

Shops:
D:9 [   D:10 **

Annotations:
D:6 3 runed translucent doors, backslashecho's ghost, novice VSGl
D:14 exclusion: orange crystal statue


Innate Abilities, Weirdness & Mutations

You can wield a second weapon in your off-hand.
It takes a long time for you to wield or remove held weapons.
Your first few attacks do less damage.
You cannot equip rings or amulets.
You have a pair of small horns on your head.
You are partially covered in iridescent scales. (AC +2)
Your flesh is cold resistant. (rC+)
You are somewhat resistant to both further mutation and mutation removal.
You passively map a small area around you.
You are resistant to electric shocks. (rElec)
Your muscles are very strong. (Str +8, Int/Dex -2)


Message History

The hell hog is poisoned.
You hit something with your +2 hand axe of chaos.
You closely miss the raiju with your +2 trident of draining.
Something hits you!
* * * LOW HITPOINT WARNING * * *
You feel your power leaking away.
The hell hog bites you but does no damage.
The raiju bites you but does no damage.
You take 13 damage, and have 19/110 hp.
You now have 0/21 mp.
You hit something but do no damage. Your headbutt misses something.
You hit something with your +2 hand axe of chaos.
You freeze something.
You hit the hell hog with your +2 hand axe of chaos.
The hell hog looks as sick as possible!
You hit the raiju but do no damage.
The hell hog bites you but does no damage.
Something hits you!
* * * LOW HITPOINT WARNING * * *
You feel your power leaking away. The raiju bites you but does no damage.
You take 10 damage, and have 9/110 hp.
You hit the raiju with your +2 trident of draining.
You drain the raiju.
The raiju is almost dead.
You closely miss the raiju with your +2 hand axe of chaos.
You slash the hell hog with your +2 hand axe of chaos!
The hell hog seems to slow down.
You hit something but do no damage. The hell hog barely misses you.
Something hits you but does no damage. The raiju bites you but does no damage.
You hit the raiju with your +2 hand axe of chaos.
You kill the raiju!
You hit the hell hog with your +2 hand axe of chaos.
You hit something but do no damage. The hell hog barely misses you.
Something hits you but does no damage.
A raiju comes into view.
As you read the scroll of silence, it crumbles to dust.
A profound silence engulfs you. The hell hog breathes fire at you.
The fireball explodes!
The fireball engulfs you!
You die...
Xom giggles madly!

. § .# . . . #.. .#.
#..# #..X.# ##_###
##\ ###.....#.#
#..\#.#. ..# .
#....h ..#.h#.##
.... ... .#..#X# .
...#.....#..##h###..
.. ##...#..##@{.# #
. . #. ####†..#_# #
. #...##.# # ..
#h#..# . ....
#.#.... # .
....#..## ..
...##._## .# h# ..


You could see a tentacled starspawn (unsilenced), 2 hell hogs and 2 raiju.

Vanquished Creatures
  Rupert (D:13)
  2 vault guards (D:13)
  A catoblepas (D:13)
  7 two-headed ogres
  An anaconda (Volcano)
  A centaur warrior (D:13)
  A boulder beetle (D:13)
  A dancing weapon (Abyss:3)
  Erica (D:9)
  6 thrashing horrors (Abyss:3)
  A wretched star (Abyss:3)
  An arcanist (D:13)
  A death drake (shapeshifter) (D:13)
  A large abomination (Abyss:3)
  6 ugly things
  Maurice (D:8)
  2 manticores (D:13)
  2 cyclopes
  3 toenail golems (Volcano)
  A meliai (shapeshifter) (D:14)
  3 meliai (D:13)
  Joseph (D:9)
  A smoke demon (Abyss:3)
  A cane toad (Lair:1)
  2 gargoyles
  3 unseen horrors
  A yaktaur (D:13)
  A tengu conjurer (D:14)
  3 efreet (D:14)
  3 trolls
  A hornet (D:7)
  2 tyrant leeches (Abyss:3)
  A blink frog (D:13)
  Grinder (D:5)
  3 raiju (Abyss:3)
  A spriggan (shapeshifter) (D:13)
  5 wraiths
  2 ynoxinuls (D:11)
  4 shadows
  21 humans
  2 wyverns
  A basilisk (D:12)
  Eustachio (D:5)
  A hog (shapeshifter) (Lair:1)
  17 yaks
  A redback (D:13)
  Menkaure (D:7)
  3 acid dragons
  A two-headed ogre zombie (D:10)
  Edmund (D:6)
  3 water moccasins (Lair:1)
  A black bear (D:7)
  6 orc warriors
  A sky beast (D:8)
  5 ice beasts
  6 ogres
  4 boggarts
  4 starcursed masses (Abyss:3)
  5 centaurs
  2 phantoms (D:10)
  3 kobold brigands
  3 gnoll sergeants
  3 scorpions
  9 bullfrogs
  23 wights
  2 troll zombies (D:10)
  5 killer bees (D:10)
  8 howler monkeys
  An electric eel (D:11)
  8 orc priests
  A bombardier beetle (D:5)
  A hound (D:4)
  3 jellies
  3 gnoll boudas
  5 iguanas
  8 orc wizards
  A scorpion zombie (D:7)
  A killer bee zombie (D:7)
  5 ogre zombies (D:10)
  8 mummies (Ossuary)
  Robin (D:2)
  6 howler monkey skeletons (D:7)
  19 gnolls
  5 adders
  2 shadow imps (D:7)
  3 white imps
  11 ufetubi
  3 dart slugs
  3 ribbon worms
  44 orcs
  4 endoplasms
  3 giant cockroaches
  16 goblins
  6 hobgoblins
  A jackal (D:5)
  2 ball pythons (D:2)
  3 bats
  2 frilled lizards
  2 gnoll skeletons (D:10)
  3 gnoll zombies (Ossuary)
  2 hobgoblin zombies (Ossuary)
  20 kobolds
  A kobold zombie (Ossuary)
  5 orc skeletons (D:10)
  19 orc zombies
  5 rats
  A lurking horror (Abyss:3)
460 creatures vanquished.

Vanquished Creatures (collateral kills)
  A komodo dragon (D:7)
  Prince Ribbit (D:5)
  A hog (shapeshifter) (D:14)
  A water moccasin (D:7)
  An ogre (D:5)
  2 howler monkeys (D:7)
  An iguana (D:5)
  A hobgoblin (D:1)
  A hobgoblin zombie (Ossuary)
10 creatures vanquished.

Vanquished Creatures (others)
  A boulder beetle (D:14)
  A wretched star (Abyss:3)
  A necromancer (D:13)
  A boggart (D:14)
  A jelly (D:5)
  A goblin zombie (D:2)
  2 starspawn tentacles (Abyss:3)
8 creatures vanquished.

Grand Total: 478 creatures vanquished

Notes
Turn   | Place    | Note
-------+----------+-------------------------------------------
     0 | D:1      | ezpacito the Coglin Chaos Knight began the quest for the
                  | Orb.
     0 | D:1      | Reached XP level 1. HP: 18/18 MP: 1/1
    11 | D:1      | XOM: divination: magic mapping
   136 | D:1      | XOM: cast spell 'Summon Ice Beast'
   138 | D:1      | Reached skill level 1 in Dodging
   356 | D:1      | Reached XP level 2. HP: 24/24 MP: 2/2
   445 | D:2      | Noticed Robin
   457 | D:2      | XOM: divination: detect creatures
   480 | D:2      | Killed Robin
   481 | D:2      | Reached XP level 3. HP: 27/29 MP: 3/3
   689 | D:2      | XOM: silly message
   693 | D:2      | XOM: silly message
   805 | D:2      | XOM: silly message
   807 | D:2      | Reached XP level 4. HP: 31/35 MP: 4/4
   808 | D:2      | Reached skill level 1 in Stealth
   816 | D:2      | Reached skill level 1 in Polearms
  1111 | D:2      | XOM: cloud trail
  1149 | D:2      | XOM: scenery: create altars
  1238 | D:2      | XOM: give mutation
  1238 | D:2      | Gained mutation: Your muscles are strong. (Str +4, Int/Dex
                  | -1) [Xom's grace]
  1453 | D:3      | Identified the ring "Gizxo" {rElec Int+6 Dex+3} (Xom gifted
                  | it to you on level 3 of the Dungeon)
  1453 | D:3      | XOM: god gift: ring "Gizxo" {rElec Int+6 Dex+3}
  1475 | D:3      | Reached XP level 5. HP: 21/41 MP: 5/5
  1478 | D:3      | Identified the +2 robe of Patterns {-Tele rN++ MP+9
                  | Archmagi}
  1596 | D:3      | XOM: 1-stop teleportation journey
  1762 | D:3      | XOM: god gift: 46 gold pieces
  1831 | D:3      | Found a bloodstained altar of Trog.
  2139 | D:4      | XOM: give mutations
  2139 | D:4      | Gained mutation: You are resistant to electric shocks.
                  | (rElec) [Xom's grace]
  2139 | D:4      | Gained mutation: Your flesh is cold resistant. (rC+) [Xom's
                  | grace]
  2188 | D:4      | Got the Encyclopedia of Embers
  2192 | D:4      | Learned a level 2 spell: Cigotuvi's Dreadful Rot
  2254 | D:4      | Reached XP level 6. HP: 27/48 MP: 7/7
  2711 | D:5      | Entered Level 5 of the Dungeon
  2718 | D:5      | Identified the +8 sling of Sudden Death {freeze, rElec
                  | rPois rF-}
  2750 | D:5      | Reached skill level 1 in Spellcasting
  2750 | D:5      | XOM: god gift: 4 stones
  2756 | D:5      | XOM: god gift: scroll labelled NORE DEUZEJEF {god gift}
  2793 | D:5      | Noticed Prince Ribbit
  2794 | D:5      | XOM: cast spell 'Metabolic Englaciation'
  2796 | D:5      | XOM: enchant monster (good)
  2800 | D:5      | Killed Prince Ribbit
  2801 | D:5      | Reached skill level 1 in Alchemy
  2801 | D:5      | Reached XP level 7. HP: 54/54 MP: 8/8
  2805 | D:5      | Noticed Grinder
  2809 | D:5      | Reached skill level 1 in Necromancy
  2814 | D:5      | XOM: summons 4 friendly demons
  2816 | D:5      | XOM: silly message
  2823 | D:5      | Killed Grinder
  2834 | D:5      | Reached XP level 8. HP: 5/59 MP: 8/10
  2847 | D:5      | Noticed Blork the orc
  3171 | D:5      | XOM: noise
  3235 | D:5      | XOM: confuse monster(s)
  3451 | D:5      | XOM: noise
  3460 | D:5      | Reached skill level 5 in Fighting
  3522 | D:5      | Noticed Eustachio
  3533 | D:5      | Killed Eustachio
  3534 | D:5      | Reached skill level 5 in Axes
  3590 | D:5      | XOM: 1-stop teleportation journey
  3599 | D:5      | Blork the orc changed into Blork the howler monkey
  3599 | D:5      | Noticed Blork
  3602 | D:5      | Killed Blork the howler monkey
  3731 | D:5      | XOM: silly message
  3876 | D:5      | Found a white marble altar of Elyvilon.
  4024 | D:5      | XOM: silly message
  4190 | D:5      | Found a burning altar of Makhleb.
  4191 | D:5      | Found a basalt altar of Yredelemnul.
  4192 | D:5      | Found a shimmering altar of Xom.
  4192 | D:5      | Found a sacrificial altar of Ru.
  4192 | D:5      | Found a shadowy altar of Dithmenos.
  4194 | D:5      | Found an opulent altar of Gozag.
  4195 | D:5      | Found a blossoming altar of Fedhas.
  4241 | D:5      | Reached XP level 9. HP: 68/68 MP: 12/12
  4259 | D:6      | Reached skill level 1 in Evocations
  4489 | D:6      | Found a staircase to the Ecumenical Temple.
  4512 | D:6      | XOM: silly message
  4524 | Temple   | Entered the Ecumenical Temple
  4684 | D:6      | XOM: enchant monster (bad)
  4868 | D:6      | Learned a level 4 spell: Ignite Poison
  4875 | D:6      | Learned a level 6 spell: Plasma Beam
  4886 | D:6      | Found a runed translucent gate.
  4886 | D:6      | Found a runed translucent gate.
  4886 | D:6      | Found a runed translucent gate.
  4943 | D:6      | Noticed Edmund
  4944 | D:6      | XOM: fog
  4952 | D:6      | Killed Edmund
  5010 | D:6      | Found an ornate altar of the Wu Jian Council.
  5071 | D:6      | Noticed backslashecho's ghost (novice VSGl)
  5422 | D:6      | Reached skill level 5 in Armour
  5536 | D:7      | Identified a scroll of acquirement
  5536 | D:7      | Acquired the +3 Mad Mage's Maulers {Infuse+∞ VampMP -Cast}
  5536 | D:7      | Found the +3 Mad Mage's Maulers {Infuse+∞ VampMP -Cast}
  5548 | D:7      | Found a sand-covered staircase.
  5573 | Ossuary  | Entered an ossuary
  5595 | Ossuary  | XOM: summons friendly shadow imp
  5652 | Ossuary  | XOM: 5-stop teleportation journey
  5852 | Ossuary  | XOM: 7-stop teleportation journey
  6040 | Ossuary  | XOM: give mutation
  6040 | Ossuary  | Gained mutation: Your muscles are very strong. (Str +8,
                  | Int/Dex -2) [Xom's grace]
  6072 | D:7      | Noticed Menkaure
  6079 | D:7      | Killed Menkaure
  6080 | D:7      | Reached XP level 10. HP: 21/76 MP: 2/13
  6089 | D:7      | Reached skill level 5 in Dodging
  6209 | D:7      | XOM: fog
  6359 | D:7      | Noticed Jeremiah
  6364 | D:7      | XOM: summons 10 friendly demons
  6368 | D:7      | Jeremiah changed into Jeremiah the komodo dragon
  6368 | D:7      | Noticed Jeremiah
  6374 | D:7      | Killed Jeremiah the komodo dragon
  7807 | D:7      | XOM: cleaving
  7832 | D:7      | XOM: divination: detect creatures
  7922 | D:7      | XOM: give mutations
  7922 | D:7      | Gained mutation: You passively map a small area around you.
                  | [Xom's grace]
  7922 | D:7      | Gained mutation: You expend magic power (3 MP) to
                  | strengthen your wands. [Xom's grace]
  7922 | D:7      | Gained mutation: You are somewhat resistant to further
                  | mutation. [Xom's grace]
  7976 | D:7      | XOM: scenery: summon butterflies
  8090 | D:8      | Found a sparkling altar of Nemelex Xobeh.
  8090 | D:8      | Found a hazy altar of Hepliaklqana.
  8090 | D:8      | XOM: 1-stop teleportation journey
  8569 | D:8      | Noticed a two-headed ogre
  8570 | D:8      | XOM: cast spell 'Iskenderun's Battlesphere'
  8572 | D:8      | Killed a two-headed ogre
  8590 | D:8      | Reached XP level 11. HP: 61/84 MP: 0/15
  8619 | D:8      | XOM: silly message
  8703 | D:8      | Found a shimmering blue altar of Sif Muna.
  8950 | D:8      | Noticed a two-headed ogre
  8952 | D:8      | Killed a two-headed ogre
  8975 | D:8      | XOM: noise
  9923 | D:8      | XOM: god gift: scroll of noise
  9957 | D:9      | Found Suirreel's Antique Armour Shop.
  9966 | D:9      | XOM: enchant monster (good)
 10008 | D:9      | XOM: butterfly on damage
 10047 | D:9      | Noticed Maurice
 10051 | D:9      | Paralysed by Maurice for 2 turns
 10053 | D:9      | Something stole a +3 hand axe
 10060 | D:8      | Something stole 665 gold
 10061 | D:8      | Paralysed by something for 4 turns
 10062 | D:8      | Something stole a lightning rod (4/4)
 10063 | D:8      | Something stole 6 boomerangs
 10066 | D:8      | Killed Maurice
 10201 | D:9      | Bought a pair of runed boots for 180 gold pieces
 10208 | D:9      | Bought a pair of faintly glowing gloves for 228 gold pieces
 10208 | D:9      | Identified the +1 pair of gloves of Love and Death {Will+
                  | Str+2} (You bought it in a shop on level 9 of the Dungeon)
 10218 | D:9      | Noticed Erica
 10223 | D:9      | Killed Erica
 10298 | D:9      | Noticed a two-headed ogre
 10304 | D:9      | Killed a two-headed ogre
 10344 | D:9      | XOM: blink monster(s)
 10462 | D:9      | Noticed Joseph
 10466 | D:9      | Killed Joseph
 10936 | D:9      | XOM: give mutations
 10936 | D:9      | Gained mutation: You are robust. (+10% HP) [Xom's grace]
 10936 | D:9      | Gained mutation: You have a pair of small horns on your
                  | head. [Xom's grace]
 11430 | D:10     | Entered Level 10 of the Dungeon
 11555 | D:10     | Found a staircase to the Orcish Mines.
 11561 | D:10     | XOM: swap monsters
 11987 | D:10     | XOM: silly message
 12077 | D:10     | Reached skill level 5 in Polearms
 12077 | D:10     | Reached skill level 5 in Alchemy
 12077 | D:10     | Reached skill level 5 in Evocations
 12083 | D:10     | Reached XP level 12. HP: 96/101 MP: 2/17
 12089 | D:10     | XOM: silly message
 12608 | D:10     | Found Fusejoj's General Store.
 12612 | D:10     | Found Asorut's Specific Store.
 12620 | D:10     | Bought 5 javelins for 210 gold pieces
 12620 | D:10     | Bought a potion of heal wounds for 70 gold pieces
 12620 | D:10     | Bought a scroll of teleportation for 42 gold pieces
 12630 | D:10     | Found a staircase to the Lair.
 12836 | D:10     | Noticed a two-headed ogre
 12843 | D:10     | Killed a two-headed ogre
 13199 | D:11     | Noticed a two-headed ogre
 13200 | D:11     | XOM: blink monster(s)
 13209 | D:11     | XOM: confusion (+ monsters)
 13209 | D:11     | Killed a two-headed ogre
 13222 | D:11     | Reached skill level 5 in Stealth
 13572 | D:11     | XOM: 4-stop teleportation journey
 13662 | D:11     | XOM: 4-stop teleportation journey
 14131 | D:11     | Noticed a two-headed ogre
 14135 | D:11     | Killed a two-headed ogre
 14476 | D:12     | Noticed a two-headed ogre
 14480 | D:12     | Killed a two-headed ogre
 14674 | D:12     | Reached skill level 5 in Necromancy
 14764 | D:12     | Reached skill level 1 in Unarmed Combat
 14865 | D:12     | XOM: divination: detect creatures
 14899 | D:12     | XOM: 3-stop teleportation journey
 14983 | D:12     | XOM: silly message
 15027 | D:12     | Found the +18 Lear's hauberk
 15056 | D:12     | XOM: silly message
 15248 | D:12     | XOM: divination: detect items
 15251 | D:12     | XOM: silly message
 15649 | D:13     | XOM: cast spell 'Summon Mana Viper'
 15709 | D:13     | XOM: potion effect (might)
 15713 | D:13     | Noticed a centaur warrior
 15718 | D:13     | Killed a centaur warrior
 15725 | D:13     | XOM: blink monster(s)
 15786 | D:13     | XOM: god gift: 44 gold pieces
 15900 | D:13     | Found a snail-covered altar of Cheibriados.
 15931 | D:13     | Found Hoihawo's Distillery.
 15935 | D:13     | Bought a potion of heal wounds for 60 gold pieces
 15935 | D:13     | Bought a potion of magic for 96 gold pieces
 15935 | D:13     | Bought a potion of might for 48 gold pieces
 15935 | D:13     | Bought a potion of cancellation for 96 gold pieces
 15935 | D:13     | Bought a potion of enlightenment for 60 gold pieces
 15935 | D:13     | Bought a potion of cancellation for 96 gold pieces
 15935 | D:13     | Bought a potion of attraction for 36 gold pieces
 15935 | D:13     | Bought a potion of curing for 36 gold pieces
 15989 | D:13     | XOM: god gift: 5 stones
 16017 | D:13     | Noticed a fire dragon
 16021 | D:13     | a fire dragon changed into a redback
 16021 | D:13     | XOM: polymorph fire dragon -> redback
 16091 | D:13     | XOM: polymorph manticore -> glowing shapeshifter
 16189 | D:13     | XOM: scenery: summon butterflies
 16194 | D:13     | XOM: god gift: 6 stones
 16324 | D:13     | XOM: scenery: 2 doors open, 1 doors close
 16476 | D:13     | Reached XP level 13. HP: 110/110 MP: 19/19
 16637 | D:13     | XOM: scenery: 2 fountains blood, 3 doors close
 16646 | D:13     | XOM: enchant monster (good)
 16658 | D:13     | XOM: scenery: 3 doors close
 16665 | D:13     | XOM: potion effect (heal wounds)
 16701 | D:13     | XOM: give mutations
 16701 | D:13     | Gained mutation: You are somewhat resistant to both further
                  | mutation and mutation removal. [Xom's grace]
 16701 | D:13     | Gained mutation: You are partially covered in iridescent
                  | scales. (AC +2) [Xom's grace]
 16701 | D:13     | Gained mutation: Your system is resistant to poisons.
                  | (rPois) [Xom's grace]
 16701 | D:13     | Gained mutation: Your natural rate of healing is unusually
                  | fast. [Xom's grace]
 16721 | D:13     | Found a gate to the Vaults.
 16721 | D:13     | Noticed a vault guard
 16721 | D:13     | Noticed a vault guard
 16730 | D:13     | Killed a vault guard
 16731 | D:13     | XOM: scenery: 1 fountains blood, 3 doors close
 16736 | D:13     | Killed a vault guard
 16839 | D:13     | XOM: 8-stop teleportation journey
 16998 | D:13     | XOM: god gift: wand of digging (6)
 17177 | D:14     | Noticed Rupert
 17189 | D:14     | XOM: polymorph brown ugly thing -> purple ugly thing
 17202 | D:13     | Paralysed by Rupert for 4 turns
 17208 | D:13     | Paralysed by Rupert for 5 turns
 17224 | D:13     | Killed Rupert
 17275 | D:13     | XOM: silly message
 17432 | D:13     | XOM: potion effect (haste)
 17439 | D:13     | XOM: silly message
 17450 | D:13     | XOM: potion effect (invisibility)
 17486 | D:13     | XOM: silly message
 17654 | D:14     | XOM: 2-stop teleportation journey
 17699 | D:14     | XOM: summons friendly shadow imp
 17903 | Lair:1   | Entered Level 1 of the Lair of Beasts
 17918 | Lair:1   | Found a radiant altar of Vehumet.
 17926 | Lair:1   | XOM: silly message
 18050 | Lair:1   | XOM: polymorph yak -> shapeshifter
 18054 | Lair:1   | XOM: blink monster(s)
 18123 | Lair:1   | XOM: stat loss: -1 Dex (11/12)
 18130 | Lair:1   | XOM: give mutations
 18130 | Lair:1   | Lost mutation: Your system is resistant to poisons. (rPois)
                  | [Xom's mischief]
 18130 | Lair:1   | Gained mutation: Your flesh is heat resistant. (rF+) [Xom's
                  | mischief]
 18130 | Lair:1   | Lost mutation: You expend magic power (3 MP) to strengthen
                  | your wands. [Xom's mischief]
 18130 | Lair:1   | Lost mutation: Your flesh is heat resistant. (rF+) [Xom's
                  | mischief]
 18137 | Lair:1   | Found a dark tunnel.
 18146 | Volcano  | Entered a volcano
 18197 | Volcano  | Paralysed by an orc sorcerer for 3 turns
 18198 | Volcano  | XOM: polymorph orc sorcerer -> anaconda
 18206 | Volcano  | Reached XP level 14. HP: 109/119 MP: 21/21
 18211 | Volcano  | Acquired a N-40 turbobooster {Rampage Acrobat rC+ Slay+3}
 18234 | Abyss:3  | Cast into level 3 of the Abyss (an occultist)
 18237 | Abyss:3  | XOM: chaos cloud
 18245 | Abyss:3  | XOM: divine lightning
 18257 | Abyss:3  | XOM: give mutations
 18257 | Abyss:3  | Lost mutation: Your natural rate of healing is unusually
                  | fast. [Xom's mischief]
 18257 | Abyss:3  | Lost mutation: You are robust. (+10% HP) [Xom's mischief]
 18258 | Abyss:3  | XOM: confuse monster(s)
 18261 | Abyss:3  | Reached skill level 5 in Spellcasting
 18264 | Abyss:3  | XOM: scenery: summon butterflies
 18338 | Abyss:3  | Noticed a starcursed mass
 18347 | Abyss:3  | Reached skill level 10 in Fighting
 18409 | Abyss:3  | XOM: scenery: create altars
 18412 | Abyss:3  | Reached skill level 10 in Axes
 18421 | Abyss:3  | XOM: cast spell 'Dispersal'
 18532 | Abyss:3  | XOM: silly message
 18538 | Abyss:3  | Noticed a tentacled starspawn
 18541 | Abyss:3  | XOM: noise
 18549 | Abyss:3  | Found a shimmering altar of Xom.
 18559 | Abyss:3  | Killed from afar by a hell hog

Illustrated notes

Levels and vault maps discovered:
D:1:      mainiacjoe_arrival_oval_in_oval, layout_rooms
D:2:      layout_basic, uniq_robin
D:3:      layout_basic, mainiacjoe_overflow_24_doors
D:4:      layout_loops_cross, grunt_decor_cap
D:5:      layout_loops_ring, minitemple, serial_bayou_pond_c,
          hangedman_decor_slide_cut, hangedman_decor_riveting,
          grunt_decor_arrowhead, st_stairs_5, guppyfry_early_lair_pool,
          uniq_grinder, uniq_prince_ribbit1, uniq_eustachio, uniq_blork_the_orc
D:6:      layout_gridville, pdpol_wu_jian_five_deadly_venoms,
          minmay_temple_entry_waves, ebering_ghost_rock_garden, uniq_edmund
D:7:      minmay_clustersquares, layout_basic,
          mainiacjoe_ossuary_entry_find_the_door, uniq_menkaure, uniq_jeremiah
D:8:      layout_basic, jmf_multi_god_temple, mainiacjoe_overflow_tiny_flanked,
          special_room [special_room_orc]
D:9:      layout_loops_ring, serial_shops, shop, uniq_joseph, uniq_maurice,
          uniq_erica
D:10:     layout_stronghold, dpeg_oklobed_lair, zombieorc2_lemuel,
          nicolae_specific_store
D:11:     layout_stronghold, serial_column_ruins, column_ruins_square_medium,
          column_ruins_grid_3, column_ruins_open_medium,
          column_ruins_open_large, column_ruins_open_medium,
          column_ruins_grid_1, nicolae_fort_ynox
D:12:     layout_irregular_city, serial_bayou_crossing
D:13:     layout_basic, grunt_vaults_entry_tiered, serial_shops, shop,
          slow_altar_2
D:14:     layout_rooms, serial_park_tiny_1, small_statue_alley_a, uniq_rupert
Temple:   nicolae_temple_bog_church
Lair:1:   layout_cave_pods, enter_volcano_1, basic_altar, uniq_maggie
Abyss:3:  base: D:12, hangedman_stitches_earthworm,
          evilmike_abyss_rune_tso_outpost
Volcano:  volcano_bunker

Skill      XL: |  1  2  3  4  5  6  7  8  9 10 11 12 13 14 |
---------------+-------------------------------------------+-----
Dodging        | 1 2 3 4 5 6 7 8 |  8.7
Armour         | 2 3 4 5 6 7 8 9 |  9.0
Stealth        | 1 2 3 4 5 6 |  6.2
Polearms       | 1 2 3 4 5 6 |  6.3
Spellcasting   | 1 2 3 4 5 |  5.1
Fighting       | 4 5 6 7 8 9 10 | 10.1
Axes           | 4 5 6 7 8 9 10 | 10.0
Alchemy        | 1 2 3 4 5 6 |  6.6
Necromancy     | 1 2 3 4 5 6 |  6.1
Evocations     | 2 3 5 6 7 |  7.3
Unarmed Combat | 1 2 3 |  3.1

Action                     |  1- 3 |  4- 6 |  7- 9 | 10-12 | 13-15 || total
---------------------------+-------+-------+-------+-------+-------++-------
  Melee: Hand axe          |    40 |    89 |   245 |   290 |   260 ||   924
         Dagger            |    36 |    93 |   238 |    31 |       ||   398
         Unarmed           |       |       |    17 |       |       ||    17
         Trident           |       |       |       |   355 |   278 ||   633
         Headbutt          |       |       |       |    32 |    65 ||    97
  Throw: Dart              |       |       |     7 |       |       ||     7
Ability: Invent Gizmo      |       |       |       |       |     1 ||     1
  Evoke: Wand              |       |       |       |    12 |    16 ||    28
         Lightning rod     |       |       |       |     3 |    12 ||    15
    Use: Potion            |     2 |     1 |     6 |     9 |     8 ||    26
         Scroll            |     1 |     8 |    12 |     9 |     9 ||    39
   Stab: Confused          |     3 |       |     6 |     4 |     8 ||    21
         Petrifying        |       |       |     2 |       |     1 ||     3
         Paralysed         |       |       |       |     2 |     3 ||     5
         Held in net/web   |       |       |       |     1 |       ||     1
         Invisible         |       |       |       |       |     6 ||     6
         Distracted        |       |       |       |       |     1 ||     1
 Armour: Leather armour    |     1 |       |       |       |       ||     1
         Chain mail        |    47 |    79 |   211 |   122 |   378 ||   837
         Skin              |       |       |     4 |       |       ||     4
         Plate armour      |       |       |       |   296 |       ||   296
  Dodge: Dodged            |    22 |    31 |   127 |   201 |   201 ||   582

Table legend: (Time is in decaauts)
 A = Elapsed time spent in this place.
 B = Non-inter-level travel time spent in this place.
 C = Inter-level travel time spent in this place.
 D = Time resting spent in this place.
 E = Time spent auto-exploring this place.
 F = Levels seen in this place.
 G = Mean time per level.
                   A        B        C        D        E       F      G
               +--------+--------+--------+--------+--------+-----+--------+
         Total |  18463 |  17869 |    594 |   2031 |  13009 |  19 |  971.7 |
       Dungeon |  17360 |  16766 |    594 |   1728 |  12685 |  14 | 1240.0 |
        Temple |      1 |      1 |      0 |      0 |      0 |   1 |    1.0 |
          Lair |    236 |    236 |      0 |      0 |     30 |   1 |  236.0 |
         Abyss |    313 |    313 |      0 |    187 |      0 |   1 |  313.0 |
       Ossuary |    469 |    469 |      0 |    116 |    267 |   1 |  469.0 |
       Volcano |     81 |     81 |      0 |      0 |     27 |   1 |   81.0 |
               +--------+--------+--------+--------+--------+-----+--------+

Top non-repeatable levels by time:
     D:8: 2030 daAuts
     D:7: 2028 daAuts
    D:13: 1851 daAuts
    D:10: 1814 daAuts
     D:5: 1530 daAuts
     D:9: 1337 daAuts
    D:11: 1285 daAuts
     D:6: 1276 daAuts
    D:12: 1148 daAuts
     D:2: 1013 daAuts
     D:3: 655 daAuts
     D:4: 619 daAuts
 Ossuary: 469 daAuts
     D:1: 431 daAuts
    D:14: 338 daAuts
